 Dungeon Crawl Stone Soup version 0.18.1-6-gd335043 (webtiles) character file.

336 Mefis the Magician (level 6, 0/32 HPs)
             Began as a Deep Elf Wizard on May 19, 2016.
             Was an Initiate of Sif Muna.
             Succumbed to poison (dark miasma)
             ... on level 5 of the Dungeon.
             The game lasted 00:18:38 (5520 turns).

Mefis the Magician (Deep Elf Wizard)                Turns: 5520, Time: 00:18:39

Health: 0/32       AC:  2    Str:  4    XL:     6   Next: 28%
Magic:  4/16       EV: 14    Int: 25    God:    Sif Muna [......]
Gold:   115        SH:  3    Dex: 13    Spells: 7 memorised, 0 levels left

rFire  . . .     SeeInvis .     k - +0 dagger
rCold  . . .     Gourm    .     a - +0 robe
rNeg   . . .     Faith    .     (no shield)
rPois  .         Spirit   .     b - +0 hat
rElec  .         Dismiss  .     (no cloak)
rCorr  .         Reflect  +     (no gloves)
SustAt .         Harm     .     (no boots)
MR     .....                    i - +3 amulet of reflection
Stlth  +++.......               (no ring)
                                q - ring of stealth

@: lethally poisoned (0 -> -47), repel missiles, not resistant to hostile
enchantments, fairly stealthy
A: no striking features
a: Renounce Religion


You were on level 5 of the Dungeon.
You worshipped Sif Muna.
Sif Muna was noncommittal.
You were not hungry.

You visited 2 branches of the dungeon, and saw 6 of its levels.

You collected 115 gold pieces.

Inventory:

Hand Weapons
 g - a +0 hunting sling
 k - a +0 dagger (weapon)
Missiles
 n - 26 sling bullets
 r - 29 arrows
 x - 23 poisoned needles
Armour
 a - a +0 robe (worn)
 b - a +0 hat (worn)
 v - a +0 buckler
Jewellery
 i - a +3 amulet of reflection (around neck)
 q - a ring of stealth (left hand)
 A - an uncursed ring of magical power {unknown}
Wands
 H - a wand of flame (42/48)
Scrolls
 j - 2 scrolls of amnesia {unknown}
 l - a scroll of magic mapping {unknown}
 m - a scroll of remove curse {unknown}
 o - 4 scrolls of identify {unknown}
 p - 2 scrolls of teleportation {unknown}
 s - a scroll of enchant weapon {unknown}
 u - a scroll of recharging {unknown}
 y - a scroll of enchant armour {unknown}
 z - a scroll of immolation {unknown}
 C - 2 scrolls of random uselessness {unknown}
 D - a scroll of fog {unknown}
Potions
 e - 4 potions of agility {unknown}
 f - 4 potions of curing {unknown}
 h - a potion of cancellation {unknown}
 w - a potion of degeneration {unknown}
 B - a potion of heal wounds {unknown}
 F - a potion of flight {unknown}
 G - a potion of berserk rage {unknown}
Books
 c - a book of Minor Magic

   Spells                             Type                      Level
   a - Magic Dart                     Conjuration                  1
   b - Blink                          Translocation                2
   c - Call Imp                       Summoning                    2
   d - Repel Missiles                 Charms/Air                   2
   e - Slow                           Hexes                        2
   f - Conjure Flame                  Conjuration/Fire             3
   g - Mephitic Cloud                 Conjuration/Poison/Air       3
 t - Kikubaaqudgha's Papyrus of Unholy Rites
   (Kikubaaqudgha gifted it to you on level 2 of the Dungeon)

   Spells                             Type                      Level
   a - Pain                           Necromancy                   1
   b - Corpse Rot                     Necromancy                   2
   c - Sublimation of Blood           Necromancy                   2
   d - Vampiric Draining              Necromancy                   3
   e - Control Undead                 Necromancy                   4
Comestibles
 d - 3 bread rations
 E - a meat ration


   Skills:
 + Level 4.1 Dodging
 + Level 3.6 Stealth
 + Level 5.3 Spellcasting
 * Level 3.1 Conjurations
 + Level 2.8 Summonings
 - Level 2.3 Necromancy
 - Level 1.1 Translocations
 + Level 0.2 Fire Magic
 + Level 1.6 Poison Magic


You couldn't memorise any spells.
You knew the following spells:

 Your Spells              Type           Power        Failure   Level  Hunger
a - Magic Dart            Conj           ###.         1%          1    None
b - Call Imp              Summ           ###.....     4%          2    None
c - Blink                 Tloc           N/A          10%         2    None
d - Repel Missiles        Chrm/Air       #.....       14%         2    None
e - Mephitic Cloud        Conj/Pois/Air  ##......     14%         3    #......
f - Conjure Flame         Conj/Fire      ###.....     12%         3    #......
o - Sublimation of Blood  Necr           ###.......   6%          2    None


Dungeon Overview and Level Annotations

Branches:
Dungeon (5/15)             Temple (1/1) D:4

Altars:
Ashenzari
Dithmenos
Elyvilon
Fedhas
Gozag
Kikubaaqudgha
Nemelex Xobeh
Pakellas
Qazlal
Sif Muna
Vehumet
Xom
Yredelemnul
The Shining One


Message History

Casting: Magic Dart
Confirm with . or Enter, or press ? or * to list all spells.
Aiming: Magic Dart
Press: ? - help, Shift-Dir - straight line, f/p - phantom
Aim: a phantom (heavily damaged)
The magic dart hits the bat skeleton.
You are engulfed in dark miasma.
You are lethally poisoned!
* * * LOW HITPOINT WARNING * * *
x2 You feel very sick.
Casting: Magic Dart
Confirm with . or Enter, or press ? or * to list all spells.
Aiming: Magic Dart
Press: ? - help, Shift-Dir - straight line, f/p - phantom
Aim: a phantom (heavily damaged)
The magic dart hits the bat skeleton.
You destroy the bat skeleton!
That felt strangely unrewarding.
You are engulfed in dark miasma.
You are more poisoned.
* * * LOW HITPOINT WARNING * * *
You die...

#.# #.# ##########.#
#..........#
#.########.#
##.########.######
.................######
.........#............#
.#.####..#..####@######
.........#..# #ยง#
............. .W#
............# ##.#
.#.####..#..# #.# .#.#
#..#.. #.# .#.## ...
.... ... ..### #.


You could see a phantom.

Vanquished Creatures
  2 orc wizards (D:3)
  A worker ant (D:5)
  A hound skeleton (D:5)
  A hound zombie (D:5)
  2 river rats (D:4)
  5 adders
  4 gnolls (D:3)
  An adder skeleton (D:4)
  2 worms (D:5)
  3 dart slugs
  5 giant geckos
  9 orcs
  2 ball pythons
  9 bats
  A bat skeleton (D:5)
  8 giant cockroaches
  8 goblins
  17 hobgoblins
  6 jackals
  A quokka (D:4)
  4 giant newts (D:2)
  4 kobolds
  11 rats
107 creatures vanquished.

Vanquished Creatures (collateral kills)
  A goblin (D:2)
  A hobgoblin (D:1)
  2 jackals (D:2)
4 creatures vanquished.

Grand Total: 111 creatures vanquished

Notes
Turn   | Place    | Note
--------------------------------------------------------------
     0 | D:1      | Mefis the Deep Elf Wizard began the quest for the Orb.
     0 | D:1      | Reached XP level 1. HP: 10/10 MP: 7/7
   274 | D:1      | Reached XP level 2. HP: 10/15 MP: 3/9
   294 | D:1      | Learned a level 2 spell: Call Imp
   297 | D:1      | Learned a level 2 spell: Blink
   300 | D:1      | Learned a level 2 spell: Repel Missiles
   873 | D:1      | Reached XP level 3. HP: 12/19 MP: 2/11
   878 | D:1      | Learned a level 3 spell: Mephitic Cloud
  1325 | D:2      | Found an ancient bone altar of Kikubaaqudgha.
  1364 | D:2      | Became a worshipper of Kikubaaqudgha
  1459 | D:2      | Found a faded altar to an unknown god.
  1606 | D:2      | Found a sparkling altar of Nemelex Xobeh.
  1656 | D:2      | Found a blossoming altar of Fedhas.
  1656 | D:2      | Found an opulent altar of Gozag.
  1676 | D:2      | Reached XP level 4. HP: 24/24 MP: 6/12
  2158 | D:2      | Reached skill level 1 in Poison Magic
  2165 | D:2      | Reached * piety under Kikubaaqudgha
  2165 | D:2      | Received a gift from Kikubaaqudgha
  2166 | D:2      | Identified Kikubaaqudgha's Papyrus of Unholy Rites (Kikubaaqudgha gifted it to you on level 2 of the Dungeon)
  2182 | D:2      | Learned a level 2 spell: Sublimation of Blood
  2562 | D:3      | Reached skill level 5 in Spellcasting
  2998 | D:3      | Reached skill level 1 in Necromancy
  2998 | D:3      | Reached XP level 5. HP: 20/28 MP: 6/14
  3442 | D:3      | Found a shadowy altar of Dithmenos.
  3859 | D:4      | Noticed an air elemental
  3865 | D:4      | Found a stormy altar of Qazlal.
  3866 | D:4      | Noticed a fire elemental
  3868 | D:4      | Noticed a water elemental
  3968 | D:4      | Found a staircase to the Ecumenical Temple.
  4274 | D:4      | Reached XP level 6. HP: 13/32 MP: 3/16
  4541 | D:5      | Entered Level 5 of the Dungeon
  4700 | Temple   | Entered the Ecumenical Temple
  4709 | Temple   | Fell from the grace of Kikubaaqudgha
  4709 | Temple   | Became a worshipper of Sif Muna the Loreminder
  4714 | Temple   | Learned a level 3 spell: Conjure Flame
  5073 | D:5      | Noticed an ice beast
  5520 | D:5      | Succumbed to poison (dark miasma)

Skill      XL: |  1  2  3  4  5  6 |
---------------+-------------------+-----
Dodging        | 3 4 |  4.1
Conjurations   | 2 3 |  3.1
Summonings     | 2 |  2.8
Poison Magic   | 1 |  1.6
Stealth        | 3 |  3.6
Spellcasting   | 5 |  5.3
Necromancy     | 1 2 |  2.3
Translocations | |  1.1
Fire Magic     | |  0.2

Action                   |  1- 3 |  4- 6 || total
-------------------------+-------+-------++-------
Melee: Unarmed           |    11 |       ||    11
       Dagger            |     2 |    20 ||    22
 Cast: Magic Dart        |   108 |   197 ||   305
       Call Imp          |     2 |     3 ||     5
       Mephitic Cloud    |       |     3 ||     3
       Blink             |       |     2 ||     2
       Repel Missiles    |       |     1 ||     1
       Conjure Flame     |       |     1 ||     1
 Stab: Sleeping          |     1 |     6 ||     7
  Eat: Chunk             |     2 |     9 ||    11
       Bread ration      |       |     1 ||     1
Armor: Robe              |     4 |    10 ||    14
Dodge: Dodged            |    16 |    68 ||    84
Block: Other             |     1 |    13 ||    14
